| TOP OF THE 1ST |
|
Pulaski Counts batting - Pitching for Blacksburg Tribe : RHP John Asbell
|
|
Pitching: RHP John Asbell
|
|
|
Batting: RHB Eric Jones
|
0-0: Ball 1-0: Ball 2-0: Foul Ball, location: 2F 2-1: Ball 3-1: Base on Balls
|
|
Batting: RHB Brett Benza
|
0-0: Ball 1-0: Fly out, F9 (Flyball, 89D, EV 97.5 MPH)
|
|
Batting: RHB John DiGioia
|
0-0: Ball Eric Jones is caught stealing 2nd base 2-4 1-0: Ball 2-0: Foul Ball, location: 2F 2-1: Ball 3-1: Swinging Strike 3-2: Base on Balls
|
|
Batting: LHB Claudio Rodriguez
|
0-0: Foul Ball, location: 2F 0-1: Ball 1-1: Ball 2-1: Ball 3-1: Base on Balls John DiGioia to second
|
|
Batting: RHB Elias Guzman
|
0-0: Ground out 1-3 (Groundball, 13, EV 70.0 MPH)
|
| Top of the 1st over - 0 runs, 0 hits, 0 errors, 2 left on base; Pulaski 0 - Blacksburg 0 |
| BOTTOM OF THE 1ST |
|
Blacksburg Tribe batting - Pitching for Pulaski Counts : RHP Scott Gardner
|
|
Pitching: RHP Scott Gardner
|
|
|
Batting: RHB Jesus Alcala
|
0-0: Ground out 5-3 (Groundball, 5L, EV 88.1 MPH)
|
|
Batting: RHB Jay Munson
|
0-0: Called Strike 0-1: Foul Ball, location: 2F 0-2: Fly out, F8 (Flyball, 8LS, EV 91.3 MPH)
|
|
Batting: LHB George Cecchetti
|
0-0: Ball 1-0: Foul Ball, location: 2F 1-1: SINGLE (Groundball, 4MD, EV 103.1 MPH)
|
|
Batting: RHB Alwin Creel
|
0-0: Ball 1-0: Called Strike 1-1: Ball 2-1: Called Strike 2-2: Strikes out looking
|
| Bottom of the 1st over - 0 runs, 1 hit, 0 errors, 1 left on base; Pulaski 0 - Blacksburg 0 |
| TOP OF THE 2ND |
|
Pulaski Counts batting - Pitching for Blacksburg Tribe : RHP John Asbell
|
|
Batting: RHB Scott Beals
|
0-0: Ball 1-0: Foul Ball, location: 2F 1-1: DOUBLE (Line Drive, 89D, EV 113.1 MPH)
|
|
Batting: RHB Dario Vasquez
|
0-0: Ball 1-0: Foul Ball, location: 2F 1-1: Called Strike 1-2: Ball 2-2: Ball 3-2: Foul Ball, location: 2F 3-2: Ground out 6-3 (Groundball, 6, EV 87.5 MPH)
|
|
Batting: RHB Darrell Baugh
|
0-0: Ball 1-0: Called Strike 1-1: Swinging Strike 1-2: Fly out, F7 (Flyball, 78S, EV 88.8 MPH)
|
|
Batting: RHB Edwin Marquez
|
0-0: Ball 1-0: Called Strike 1-1: Ball 2-1: Swinging Strike 2-2: Ball 3-2: Foul Ball, location: 2F 3-2: Fly out, F2 (Popup, 25F, EV 86.3 MPH)
|
| Top of the 2nd over - 0 runs, 1 hit, 0 errors, 1 left on base; Pulaski 0 - Blacksburg 0 |
| BOTTOM OF THE 2ND |
|
Blacksburg Tribe batting - Pitching for Pulaski Counts : RHP Scott Gardner
|
|
Batting: RHB Omar Mora
|
0-0: Fly out, F4 (Popup, 4MD, EV 52.5 MPH)
|
|
Batting: LHB Jose Infante
|
0-0: Called Strike 0-1: Swinging Strike 0-2: Strikes out swinging
|
|
Batting: RHB Mike Isherwood
|
0-0: Ground out 4-3 (Groundball, 4M, EV 105.0 MPH)
|
| Bottom of the 2nd over - 0 runs, 0 hits, 0 errors, 0 left on base; Pulaski 0 - Blacksburg 0 |
| TOP OF THE 3RD |
|
Pulaski Counts batting - Pitching for Blacksburg Tribe : RHP John Asbell
|
|
Batting: RHB Eric Jones
|
0-0: Ball 1-0: Called Strike 1-1: Swinging Strike 1-2: Ball 2-2: Foul Ball, location: 2F 2-2: Ball 3-2: Strikes out looking
|
|
Batting: RHB Brett Benza
|
0-0: Ground out 4-3 (Groundball, 4M, EV 83.8 MPH)
|
|
Batting: RHB John DiGioia
|
0-0: Ball 1-0: Ball 2-0: Swinging Strike 2-1: Ball 3-1: Foul Ball, location: 2F 3-2: Base on Balls
|
|
Batting: LHB Claudio Rodriguez
|
0-0: Ball 1-0: Ball 2-0: Fly out, F8 (Flyball, 89D, EV 88.8 MPH)
|
| Top of the 3rd over - 0 runs, 0 hits, 0 errors, 1 left on base; Pulaski 0 - Blacksburg 0 |
| BOTTOM OF THE 3RD |
|
Blacksburg Tribe batting - Pitching for Pulaski Counts : RHP Scott Gardner
|
|
Batting: RHB Michael Lanum
|
0-0: Called Strike 0-1: Ball 1-1: Ground out 1-3 (Groundball, 13S, EV 71.3 MPH)
|
|
Batting: SHB Gary Miller-Jones
|
0-0: Ground out 4-3 (Groundball, 4S, EV 73.8 MPH)
|
|
Batting: RHB Jesus Alcala
|
0-0: Ball 1-0: Ball 2-0: Ball 3-0: Base on Balls
|
|
Batting: RHB Jay Munson
|
0-0: Called Strike 0-1: Ball 1-1: Ball 2-1: Fielders Choice at 2nd, U6 (Groundball, 6M, EV 81.3 MPH)
|
| Bottom of the 3rd over - 0 runs, 0 hits, 0 errors, 1 left on base; Pulaski 0 - Blacksburg 0 |
| TOP OF THE 4TH |
|
Pulaski Counts batting - Pitching for Blacksburg Tribe : RHP John Asbell
|
|
Batting: RHB Elias Guzman
|
0-0: Foul Ball, location: 2F 0-1: Ball 1-1: Foul Ball, location: 2F 1-2: Foul Ball, location: 2F 1-2: Ground out 6-3 (Groundball, 6, EV 78.1 MPH)
|
|
Batting: RHB Scott Beals
|
0-0: Ground out 6-3 (Groundball, 6, EV 85.0 MPH)
|
|
Batting: RHB Dario Vasquez
|
0-0: Called Strike 0-1: Ball 1-1: SOLO HOME RUN (Flyball, 78XD, EV 102.5 MPH), Distance : 434 ft
|
|
Batting: RHB Darrell Baugh
|
0-0: Reached on error, E6 (Groundball, 6, EV 105.6 MPH)
|
|
Batting: RHB Edwin Marquez
|
0-0: Called Strike 0-1: Ball 1-1: Ball 2-1: Ball 3-1: Base on Balls Darrell Baugh to second
|
|
Batting: RHB Eric Jones
|
0-0: Ball 1-0: Called Strike 1-1: Foul Ball, location: 2F 1-2: Ball 2-2: Fly out, F7 (Flyball, 78M, EV 78.1 MPH)
|
| Top of the 4th over - 1 run, 1 hit, 1 error, 2 left on base; Pulaski 1 - Blacksburg 0 |
| BOTTOM OF THE 4TH |
|
Blacksburg Tribe batting - Pitching for Pulaski Counts : RHP Scott Gardner
|
|
Batting: LHB George Cecchetti
|
0-0: Ball 1-0: Ball 2-0: Ball 3-0: Foul Ball, location: 2F 3-1: Base on Balls
|
|
Batting: RHB Alwin Creel
|
0-0: Ball George Cecchetti steals 2nd base 1-0: Fly out, F7 (Flyball, 7D, EV 93.1 MPH)
|
|
Batting: RHB Omar Mora
|
0-0: Swinging Strike 0-1: Ball 1-1: Ball 2-1: Swinging Strike 2-2: Foul Ball, location: 2F 2-2: Ball 3-2: Foul Ball, location: 2F 3-2: Fly out, F9 (Flyball, 9, EV 88.1 MPH)
|
|
Batting: LHB Jose Infante
|
0-0: Ball 1-0: Called Strike 1-1: Ground out U3 (Groundball, 34, EV 105.0 MPH)
|
| Bottom of the 4th over - 0 runs, 0 hits, 0 errors, 1 left on base; Pulaski 1 - Blacksburg 0 |
| TOP OF THE 5TH |
|
Pulaski Counts batting - Pitching for Blacksburg Tribe : RHP John Asbell
|
|
Batting: RHB Brett Benza
|
0-0: Called Strike 0-1: Swinging Strike 0-2: Ball 1-2: Foul Ball, location: 2F 1-2: Fly out, F4 (Flyball, 34D, EV 79.4 MPH)
|
|
Batting: RHB John DiGioia
|
0-0: Ball 1-0: Ball 2-0: Ground out U3 (Groundball, 34, EV 83.8 MPH)
|
|
Batting: LHB Claudio Rodriguez
|
0-0: Swinging Strike 0-1: Ball 1-1: Called Strike 1-2: Foul Ball, location: 2F 1-2: Ball 2-2: Foul Ball, location: 2F 2-2: Ball 3-2: Fly out, F8 (Line Drive, 8RD, EV 90.0 MPH)
|
| Top of the 5th over - 0 runs, 0 hits, 0 errors, 0 left on base; Pulaski 1 - Blacksburg 0 |
| BOTTOM OF THE 5TH |
|
Blacksburg Tribe batting - Pitching for Pulaski Counts : RHP Scott Gardner
|
|
Batting: RHB Mike Isherwood
|
0-0: Ball 1-0: Ball 2-0: Fly out, F8 (Flyball, 8RD, EV 91.3 MPH)
|
|
Batting: RHB Michael Lanum
|
0-0: Foul Ball, location: 2F 0-1: Ball 1-1: SINGLE (Line Drive, 7S, EV 93.1 MPH)
|
|
Batting: SHB Gary Miller-Jones
|
0-0: SINGLE (Line Drive, 4MD, EV 103.1 MPH) Michael Lanum to second
|
|
Batting: RHB Jesus Alcala
|
0-0: Foul Ball, location: 2F 0-1: Ball Wild Pitch! Michael Lanum to third Gary Miller-Jones to second 1-1: Ball 2-1: Swinging Strike 2-2: Ball 3-2: Ground out 5-3 (Groundball, 56, EV 108.1 MPH) Michael Lanum scores
|
|
Batting: RHB Jay Munson
|
0-0: Fly out, F7 (Flyball, 7D, EV 101.9 MPH)
|
| Bottom of the 5th over - 1 run, 2 hits, 0 errors, 1 left on base; Pulaski 1 - Blacksburg 1 |
| TOP OF THE 6TH |
|
Pulaski Counts batting - Pitching for Blacksburg Tribe : RHP John Asbell
|
|
Batting: RHB Elias Guzman
|
0-0: Called Strike 0-1: Ball 1-1: Ball 2-1: Fly out, F6 (Line Drive, 6, EV 64.4 MPH)
|
|
Batting: RHB Scott Beals
|
0-0: Ball 1-0: Foul Ball, location: 2F 1-1: Swinging Strike 1-2: Ball 2-2: Foul Ball, location: 2F 2-2: Ball 3-2: Strikes out looking
|
|
Batting: RHB Dario Vasquez
|
0-0: Ball 1-0: Called Strike 1-1: Fly out, F8 (Flyball, 8LXD, EV 96.9 MPH)
|
| Top of the 6th over - 0 runs, 0 hits, 0 errors, 0 left on base; Pulaski 1 - Blacksburg 1 |
| BOTTOM OF THE 6TH |
|
Blacksburg Tribe batting - Pitching for Pulaski Counts : RHP Scott Gardner
|
|
Batting: LHB George Cecchetti
|
0-0: Ground out 5-3 (Groundball, 5, EV 81.9 MPH)
|
|
Batting: RHB Alwin Creel
|
0-0: Ball 1-0: Ball 2-0: Foul Ball, location: 2F 2-1: Foul Ball, location: 2F 2-2: Foul Ball, location: 2F 2-2: SINGLE (Groundball, 4MD, EV 111.9 MPH)
|
|
Batting: RHB Omar Mora
|
0-0: Ball 1-0: Ball 2-0: Ball 3-0: Called Strike 3-1: TRIPLE (Flyball, 89XD, EV 105.6 MPH) Alwin Creel scores
|
|
Batting: LHB Jose Infante
|
0-0: Fly out, F7 (Flyball, 7LM, EV 92.5 MPH) Runner from 3rd tags up, OUT at HOME! 7-2
|
| Bottom of the 6th over - 1 run, 2 hits, 0 errors, 0 left on base; Pulaski 1 - Blacksburg 2 |
| TOP OF THE 7TH |
|
Pulaski Counts batting - Pitching for Blacksburg Tribe : RHP John Asbell
|
|
Batting: RHB Darrell Baugh
|
0-0: Fly out, F8 (Flyball, 89D, EV 108.1 MPH)
|
|
Batting: RHB Edwin Marquez
|
0-0: Swinging Strike 0-1: Foul Ball, location: 2F 0-2: Foul Ball, location: 2F 0-2: Strikes out swinging
|
|
Batting: RHB Eric Jones
|
0-0: Called Strike 0-1: Swinging Strike 0-2: Strikes out looking
|
| Top of the 7th over - 0 runs, 0 hits, 0 errors, 0 left on base; Pulaski 1 - Blacksburg 2 |
| BOTTOM OF THE 7TH |
|
Blacksburg Tribe batting - Pitching for Pulaski Counts : RHP Scott Gardner
|
|
Batting: RHB Mike Isherwood
|
0-0: Called Strike 0-1: Called Strike 0-2: Fly out, F8 (Line Drive, 8RM, EV 100.6 MPH)
|
|
Batting: RHB Michael Lanum
|
0-0: TRIPLE (Flyball, 89XD, EV 100.6 MPH)
|
|
Batting: SHB Gary Miller-Jones
|
0-0: Ball 1-0: Fly out, F8 (Flyball, 8LS, EV 80.6 MPH)
|
|
Batting: RHB Jesus Alcala
|
0-0: Called Strike 0-1: Ground out 4-3 (Groundball, 4, EV 98.8 MPH)
|
| Bottom of the 7th over - 0 runs, 1 hit, 0 errors, 1 left on base; Pulaski 1 - Blacksburg 2 |
| TOP OF THE 8TH |
|
Pulaski Counts batting - Pitching for Blacksburg Tribe : RHP John Asbell
|
|
Batting: RHB Brett Benza
|
0-0: Fly out, F5 (Line Drive, 5, EV 70.0 MPH)
|
|
Batting: RHB John DiGioia
|
0-0: Ball 1-0: Ball 2-0: Called Strike 2-1: SINGLE (Groundball, 6MD, EV 101.9 MPH)
|
|
Batting: LHB Claudio Rodriguez
|
0-0: Grounds into double play, 6-4-3 (Groundball, 6, EV 101.3 MPH)
|
| Top of the 8th over - 0 runs, 1 hit, 0 errors, 0 left on base; Pulaski 1 - Blacksburg 2 |
| BOTTOM OF THE 8TH |
|
Blacksburg Tribe batting - Pitching for Pulaski Counts : RHP Scott Gardner
|
|
Batting: RHB Jay Munson
|
0-0: Ball 1-0: Foul Ball, location: 2F 1-1: Swinging Strike 1-2: Foul Ball, location: 2F 1-2: SINGLE (Groundball, 34D, EV 103.8 MPH) (infield hit)
|
|
Batting: LHB George Cecchetti
|
0-0: Ball 1-0: Ball 2-0: SINGLE (Flyball, 78S, EV 88.1 MPH) Jay Munson to second
|
|
Batting: RHB Alwin Creel
|
0-0: Ball 1-0: Foul Ball, location: 2F 1-1: 3-RUN HOME RUN (Flyball, 7D, EV 103.8 MPH), Distance : 375 ft
|
|
Batting: RHB Omar Mora
|
0-0: Ball 1-0: Ball 2-0: Ball 3-0: Called Strike 3-1: Called Strike 3-2: SINGLE (Flyball, 8LS, EV 90.6 MPH)
|
|
Batting: LHB Jose Infante
|
0-0: Called Strike 0-1: Swinging Strike 0-2: Ball 1-2: Strikes out swinging
|
|
Batting: RHB Mike Isherwood
|
0-0: Ball 1-0: Swinging Strike 1-1: Foul Ball, location: 2F 1-2: Foul Ball, location: 2F 1-2: Foul Ball, location: 2F 1-2: Fly out, F9 (Flyball, 9, EV 86.9 MPH)
|
|
Batting: RHB Michael Lanum
|
0-0: Ball 1-0: Ground out 4-3 (Groundball, 4MS, EV 82.5 MPH)
|
| Bottom of the 8th over - 3 runs, 4 hits, 0 errors, 1 left on base; Pulaski 1 - Blacksburg 5 |
| TOP OF THE 9TH |
|
Pulaski Counts batting - Pitching for Blacksburg Tribe : RHP John Asbell
|
|
Pitching: RHP Ray Soff
|
|
|
Batting: RHB Elias Guzman
|
0-0: Ball 1-0: Fly out, F7 (Flyball, 78S, EV 90.6 MPH)
|
|
Batting: RHB Scott Beals
|
0-0: Ball 1-0: Swinging Strike 1-1: Ball 2-1: Foul Ball, location: 2F 2-2: Ball 3-2: Base on Balls
|
|
Batting: RHB Dario Vasquez
|
0-0: Ball 1-0: Foul Ball, location: 2F 1-1: Fly out, F4 (Popup, 34, EV 81.3 MPH)
|
|
Batting: RHB Darrell Baugh
|
0-0: Ball 1-0: Foul Ball, location: 2F 1-1: Foul Ball, location: 2F 1-2: Strikes out swinging
|
| Top of the 9th over - 0 runs, 0 hits, 0 errors, 1 left on base; Pulaski 1 - Blacksburg 5 |
|